 Dungeon Crawl Stone Soup version 0.28-a0-893-g5e322aebe8 (webtiles) character file.

Game seed: 5600999376775218441

111 yyy the Insei (level 4, -1/28 HPs)
             Began as an Octopode Transmuter on Nov 22, 2021.
             Slain by a black bear (4 damage)
             ... on level 4 of the Dungeon.
             The game lasted 00:16:33 (3604 turns).

yyy the Insei (Octopode Transmuter)                 Turns: 3604, Time: 00:16:34

Health: -1/28      AC:  1    Str:  9    XL:     4   Next: 92%
Magic:  7/7        EV: 13    Int: 16    God:
Gold:   118        SH:  0    Dex: 12    Spells: 2/7 levels left

rFire   . . .      SeeInvis .   l - +0 hand axe (flame)
rCold   . . .      Faith    .   (no shield)
rNeg    . . .      Spirit   .   (helmet restricted)
rPois   .          Reflect  .   (no amulet)
rElec   .          Harm     .   (no ring)
rCorr   .          Rampage  .   (no ring)
Will    .....                   (no ring)
Stlth   +++.......              (no ring)
HPRegen 0.09/turn               (no ring)
MPRegen 0.10/turn               (no ring)
                                (no ring)
                                (no ring)

@: no status effects
A: almost no armour, amphibious, 8 rings, camouflage 1, gelatinous body 1,
(nimble swimmer 1), tentacles
a: no special abilities


You were on level 4 of the Dungeon.
You visited 1 branch of the dungeon, and saw 4 of its levels.

You collected 118 gold pieces.

Inventory:

Hand Weapons
 c - a +4 hunting sling
 d - a +2 vampiric short sword
 l - a +0 hand axe of flaming (weapon)
Jewellery
 h - a ring of protection from fire
Scrolls
 b - a scroll of holy word {unknown}
 e - a scroll of identify
Potions
 a - 2 potions of degeneration
 j - a potion of flight {unknown}
 k - a potion of invisibility {unknown}


   Skills:
 + Level 1.3 Fighting
 - Level 2.3 Short Blades
 + Level 2.4 Dodging
 + Level 3.1 Stealth
 + Level 3.3 Unarmed Combat
 + Level 2.2 Spellcasting
 + Level 2.1 Transmutations


You had 2 spell levels left.
You knew the following spells:

 Your Spells              Type           Power      Damage    Failure   Level
a - Beastly Appendage     Tmut           16%        N/A       9%          1
b - Ice Form              Ice/Tmut       5%         N/A       78%         4

Your spell library contained the following spells:

 Spells                   Type           Power      Damage    Failure   Level
 Wereblood                Tmut           8%         N/A       13%         2
 Magic Dart               Conj           4%         1d3       21%         1
 Searing Ray              Conj           2%         2d4       30%         2
 Spider Form              Tmut/Pois      5%         N/A       36%         3
 Fulminant Prism          Conj/Hex       0%         3d6       90%         4


Dungeon Overview and Level Annotations

Branches:
Dungeon (4/15)
 Temple: D:4-7

Altars:
Okawaru
Qazlal


Innate Abilities, Weirdness & Mutations

You cannot wear most types of armour.
You are amphibious.
You can wear up to eight rings at the same time.
Your skin changes colour to match your surroundings (Stealth+).
Your rubbery body absorbs attacks. (AC +1, EV +1)
((You are camouflaged near water. (Stealth+)))
You have tentacles for arms and can constrict up to eight enemies at once.


Message History

You barely miss the black bear.
The black bear is severely wounded.
The black bear bites you but does no damage.
The black bear claws you but does no damage.
The black bear claws you.
The black bear bites you but does no damage.
The black bear claws you but does no damage. x2
You hit the black bear. You burn the black bear.
The black bear is almost dead.
The black bear bites you!
The black bear claws you but does no damage. x2
The black bear bites you but does no damage.
The black bear claws you but does no damage.
The black bear barely misses you.
You closely miss the black bear.
The black bear is almost dead.
The black bear bites you. The black bear claws you.
* * * LOW HITPOINT WARNING * * *
The black bear claws you but does no damage.
The black bear bites you but does no damage.
The black bear claws you.
* * * LOW HITPOINT WARNING * * *
The black bear claws you but does no damage.
You hit the black bear. You burn the black bear.
The black bear is almost dead.
The black bear bites you.
* * * LOW HITPOINT WARNING * * *
The black bear claws you but does no damage. x2
Unknown command.
You hit the black bear but do no damage.
The black bear is almost dead.
The black bear bites you but does no damage.
The black bear claws you but does no damage. x2
The black bear bites you but does no damage.
The black bear claws you but does no damage. x2
You closely miss the black bear.
The black bear is almost dead.
You feel less wooden.
The black bear barely misses you. x2; The black bear claws you.
You die...

#.........# #.........#
#.........# #.........#
... #.........#######
....#...............# .
...#...............#
.#####.#...............#
(....§^≈..≈≈.^..@h.....#
....(§#...≈^##≈..$.....#
....^#.≈^.≈^#.≈........#
.....#^#^.^#≈#..........
....^.....^.≈.§..######.
........._......##
....≈^..^.§≈...##
..§§.^#^^.≈....#
....≈..^(§§.#..#


You could see a black bear (berserk).

Vanquished Creatures
  A bullfrog skeleton (D:3)
  5 adders
  An adder skeleton (D:4)
  4 orcs
  3 bats
  4 endoplasms
  2 goblins (D:2)
  3 hobgoblins (D:1)
  A quokka (D:2)
  2 ball pythons
  2 frilled lizards
  5 kobolds
  A rat (D:1)
34 creatures vanquished.

Notes
Turn   | Place    | Note
-------+----------+-------------------------------------------
     0 | D:1      | yyy the Octopode Transmuter began the quest for the Orb.
     0 | D:1      | Reached XP level 1. HP: 13/13 MP: 3/3
    79 | D:1      | Found a faded altar of an unknown god.
   541 | D:1      | Reached XP level 2. HP: 14/18 MP: 5/5
   953 | D:2      | Reached skill level 1 in Stealth
  1093 | D:2      | Reached XP level 3. HP: 19/23 MP: 6/6
  1958 | D:2      | HP: 1/23 [orc (8)]
  1961 | D:2      | Reached skill level 1 in Short Blades
  2676 | D:3      | Reached XP level 4. HP: 19/28 MP: 7/7
  3304 | D:3      | Found an iron altar of Okawaru.
  3317 | D:3      | Learned a level 4 spell: Ice Form
  3528 | D:4      | Found a stormy altar of Qazlal.
  3590 | D:4      | Noticed a black bear
  3604 | D:4      | Slain by a black bear

Illustrated notes

Levels and vault maps discovered:
D:1:      heliophobic_arrival_dark_side_of_the_moon, layout_basic,
          ebering_ecumenical_altar_mist
D:2:      layout_basic
D:3:      layout_loops_cross, okawaru_ov_weapons_minmay
D:4:      layout_gridville, grunt_qazlal_sundering, trog_ov_bears_minmay,
          bloody_makhleb, chequers_serial_rivers_micro_c, feat_on_display

Skill      XL: |  1  2  3  4 |
---------------+-------------+-----
Stealth        | 1 2 3 |  3.1
Short Blades   | 2 |  2.3
Fighting       | |  1.3
Dodging        | |  2.4
Unarmed Combat | |  3.3
Spellcasting   | |  2.2
Transmutations | |  2.1

Action                   |  1- 3 |  4- 6 || total
-------------------------+-------+-------++-------
Melee: Short sword       |    63 |    14 ||    77
       Tentacles         |     9 |     4 ||    13
       Constrict         |    14 |     3 ||    17
       Unarmed           |     1 |       ||     1
       Kick              |     1 |       ||     1
       Punch             |     4 |       ||     4
       Hand axe          |       |    23 ||    23
 Cast: Beastly Appendage |     1 |       ||     1
  Use: Potion            |     2 |     3 ||     5
       Scroll            |     3 |       ||     3
 Stab: Sleeping          |     8 |     1 ||     9
       Distracted        |     2 |       ||     2
Armor: Skin              |     6 |    48 ||    54
Dodge: Dodged            |    35 |    18 ||    53

Table legend: (Time is in decaauts)
 A = Elapsed time spent in this place.
 B = Non-inter-level travel time spent in this place.
 C = Inter-level travel time spent in this place.
 D = Time resting spent in this place.
 E = Time spent auto-exploring this place.
 F = Levels seen in this place.
 G = Mean time per level.
                   A        B        C        D        E       F      G
               +--------+--------+--------+--------+--------+-----+--------+
         Total |   3612 |   3278 |    334 |    621 |   2267 |   4 |  903.0 |
       Dungeon |   3612 |   3278 |    334 |    621 |   2267 |   4 |  903.0 |
               +--------+--------+--------+--------+--------+-----+--------+

Top non-repeatable levels by time:
     D:1: 1355 daAuts
     D:2: 1259 daAuts
     D:3: 895 daAuts
     D:4: 103 daAuts
